 Dungeon Crawl Stone Soup version 0.31-a0-1202-ga8fea8b373 (webtiles) character file.

Game seed: 523926339326667322

275792 night the Warrior (level 18, -4/168 HPs)
             Began as a Demigod Conjurer on Dec 11, 2023.
             Killed from afar by a deep elf annihilator (33 damage)
             ... with a bolt of lightning
             ... on level 3 of the Elven Halls on Dec 12, 2023.
             The game lasted 03:01:32 (40699 turns).

night the Warrior (Demigod Conjurer)               Turns: 40699, Time: 03:01:32

Health: -4/168     AC: 25    Str:  8    XL:     18   Next: 84%
Magic:  43/43      EV: 10    Int: 44    God:
Gold:   2666       SH:  5    Dex: 12    Spells: 7/47 levels left

rFire   . . .        a - +11 demon blade "Plog" {flame, rN+}
rCold   . . .        U - +0 buckler
rNeg    + . .        T - +3 troll leather armour {Snorg}
rPois   .            R - +3 helmet "Bagey" {Will+ Slay+2}
rElec   .            r - +0 cloak
rCorr   .            J - +2 pair of gloves
SInv    .            m - +2 pair of boots {Fly}
Will    ++...        n - amulet of magic regeneration
Stlth   ++           j - +4 ring of protection
HPRegen 1.28/turn    k - +4 ring of protection
MPRegen 0.68/turn

%: no passive effects
@: flying, hasted, invisible, very quick
A: high MP 1, forlorn, divine attributes, subdued magic 1
}: 2/15 runes: serpentine, barnacled
a: no special abilities


You were on level 3 of the Elven Halls.
You visited 6 branches of the dungeon, and saw 33 of its levels.
You also visited: Bailey.

You collected 4371 gold pieces.
You spent 1705 gold pieces at shops.

Inventory:

Hand Weapons
 a - the +11 demon blade "Plog" (weapon) {flame, rN+}
   (You acquired it on level 11 of the Dungeon)

   rN+:       It protects you from negative energy.
 b - the +0 falchion "Boafe" {spect, rPois SInv}
   (You found it on level 2 of the Lair of Beasts)

   rPois:     It protects you from poison SInv: It lets you see invisible.
 e - a +2 heavy double sword
 f - the +7 sling of Bloody Death {elec, Str+3 SInv}
   (You bought it in a shop on level 2 of the Orcish Mines)

   Str+3:     It affects your strength (+3).
   SInv:      It lets you see invisible.
Missiles
 s - 4 throwing nets
 F - 22 curare-tipped darts
 L - 8 datura-tipped darts
 Q - 6 atropa-tipped darts
Armour
 m - a +2 pair of boots of flying (worn)
 r - a +0 cloak (worn)
 J - a +2 pair of gloves (worn)
 R - the +3 helmet "Bagey" (worn) {Will+ Slay+2}
   (You bought it in a shop on level 2 of the Orcish Mines)

   Slay+2:    It affects your accuracy & damage with ranged weapons and melee
   (+2).
   Will+:     It increases your willpower.
 T - a +3 troll leather armour (worn) {Snorg}
 U - a +0 buckler (worn)
Jewellery
 g - a ring of magical power
 i - a +6 ring of intelligence
 j - a +4 ring of protection (left hand)
 k - a +4 ring of protection (right hand)
 n - an amulet of magic regeneration (around neck)
 o - a ring of resist corrosion
 p - a ring of fire
 t - a ring of positive energy
 w - a ring of ice
 y - a +5 ring of evasion
 A - a ring of wizardry
 E - a ring of positive energy
 I - a ring of protection from fire
Wands
 q - a wand of light (2)
 x - a wand of iceblast (26)
 G - a wand of digging (6)
Scrolls
 h - 6 scrolls of vulnerability
 u - 4 scrolls of fear
 v - 6 scrolls of poison
 B - 4 scrolls of fog
 D - 13 scrolls of teleportation
 M - a scroll of revelation
 P - 6 scrolls of silence
 V - 7 scrolls of enchant weapon
Potions
 c - 6 potions of berserk rage
 d - 10 potions of curing
 l - 6 potions of lignification
 z - a potion of heal wounds
 C - 2 potions of might
 H - 6 potions of enlightenment
 K - 7 potions of magic
 O - a potion of invisibility
 W - a potion of ambrosia
 X - 2 potions of brilliance
 Y - 4 potions of attraction
 Z - 6 potions of cancellation
Miscellaneous
 N - a lightning rod (4/4)


   Skills:
 + Level 16.6 Fighting
 + Level 12.2 Long Blades
 - Level 1.7 Dodging
 - Level 1.7 Stealth
 - Level 5.0 Shields
 + Level 15.3 Spellcasting
 + Level 16.2 Conjurations
 - Level 2.0 Hexes
 + Level 12.3 Summonings
 - Level 2.0 Translocations
 - Level 6.0 Fire Magic


You had 7 spell levels left.
You knew the following spells:

 Your Spells              Type           Power      Damage    Failure   Level
a - Magic Dart            Conj           100%       1d8       0%          1
b - Searing Ray           Conj           100%       2d8       0%          2
c - Stone Arrow           Conj/Erth      100%       3d13      1%          3
d - Iskenderun's Mystic   Conj/Tloc      72%        2d15      1%          4
e - Fulminant Prism       Conj/Hex       36%        3d17      1%          4
f - Fireball              Conj/Fire      39%        3d16      1%          5
g - Summon Mana Viper     Hex/Summ       65%        N/A       1%          5
h - Monstrous Menagerie   Summ           41%        N/A       7%          7
k - Dragon's Call         Summ           41%        N/A       100%        9

Your spell library contained the following spells:

 Spells                   Type           Power      Damage    Failure   Level
 Call Imp                 Summ           100%       N/A       0%          2
 Call Canine Familiar     Summ           83%        N/A       0%          3
 Apportation              Tloc           78%        N/A       1%          1
 Freeze                   Ice            100%       1d10      1%          1
 Kiss of Death            Conj/Necr      100%       2d13      1%          1
 Necrotise                Necr           100%       1d9       1%          1
 Sandblast                Erth           50%        2d12      1%          1
 Slow                     Hex            100%       N/A       1%          1
 Blink                    Tloc           78%        N/A       1%          2
 Cigotuvi's Dreadful Rot  Necr/Pois/Air  50%        N/A       1%          2
 Jinxbite                 Hex            78%        N/A       1%          2
 Passwall                 Tmut/Erth      20%        N/A       1%          2
 Confusing Touch          Hex            39%        N/A       1%          3
 Dazzling Flash           Conj/Hex       100%       N/A       1%          3
 Hailstorm                Conj/Ice       69%        3d12      1%          3
 Inner Flame              Hex/Fire       52%        N/A       1%          3
 Mephitic Cloud           Conj/Pois/Air  58%        N/A       1%          3
 Sigil of Binding         Hex            39%        N/A       1%          3
 Brom's Barrelling Bould  Conj/Erth      69%        2d8       1%          4
 Summon Ice Beast         Ice/Summ       61%        N/A       1%          4
 Arcjolt                  Conj/Air       34%        1d44      1%          5
 Frozen Ramparts          Ice            50%        1d8       3%          3
 Vampiric Draining        Necr           25%        2d7       3%          3
 Cause Fear               Hex            19%        N/A       6%          4
 Dimensional Bullseye     Hex/Tloc       19%        N/A       6%          4
 Manifold Assault         Tloc           39%        N/A       6%          4
 Conjure Ball Lightning   Conj/Air       34%        3x3d11    7%          6
 Leda's Liquefaction      Hex/Erth       16%        N/A       9%          4
 Vhi's Electric Charge    Tloc/Air       64%        N/A       9%          4
 Dispel Undead            Necr           25%        3d12      14%         4
 Petrify                  Tmut/Erth      25%        N/A       14%         4
 Metabolic Englaciation   Hex/Ice        16%        N/A       26%         5
 Yara's Violent Unravell  Hex/Tmut       16%        3d8       26%         5
 Agony                    Necr           25%        N/A       38%         5
 Alistair's Intoxication  Tmut/Pois      16%        N/A       38%         5
 Borgnjor's Vile Clutch   Necr/Erth      12%        N/A       38%         5
 Plasma Beam              Fire/Air       23%        2x1d35    54%         6
 Death Channel            Necr           12%        N/A       93%         6
 Eringya's Noxious Bog    Tmut/Pois      12%        4d6       93%         6
 Enfeeble                 Hex            19%        N/A       99%         7
 Discord                  Hex            19%        N/A       100%        8
 Disjunction              Tloc           19%        N/A       100%        8
 Infestation              Necr           12%        N/A       100%        8
 Maxwell's Capacitive Co  Air            12%        ∞         100%        8


Dungeon Overview and Level Annotations

Branches:
Dungeon (15/15)            Temple (0/1) D:7            Lair (5/5) D:10
 Shoals (4/4) Lair:3        Snake (4/4) Lair:3        Slime (0/5) Lair:4
    Orc (2/2) D:12            Elf (3/3) Orc:2        Vaults (0/5) D:14
 Depths (0/4) D:15         Bailey (visited)

Shops:
D:3 [   D:7 !   D:13 ?   Orc:2 (?[*(   Elf:2 *   Shoals:2 (   Snake:2 (


Innate Abilities, Weirdness & Mutations

You have an increased reservoir of magic. (+10% MP)
You shall have no god before yourself.
Your divine heritage dramatically boosts your attributes as you level up.
Your spells are a little easier to cast, but a little less powerful.


Message History

The deep elf annihilator resists with almost no effort.
The Executioner resists with almost no effort.
The deep elf sorcerer looks frightened!
The shadow demon looks frightened!
The Executioner hits you but does no damage.
You block the Executioner's attack. x2; The Executioner hits you!
* * * LOW HITPOINT WARNING * * *
The Executioner hits you.
* * * LOW HITPOINT WARNING * * *
The Executioner hits you but does no damage.
The deep elf sorcerer nearly stumbles in trying to escape.
The Executioner hits you but does no damage.
The Executioner hits you.
* * * LOW HITPOINT WARNING * * *
The Executioner hits you but does no damage.
You feel much better. The Executioner hits you!
* * * LOW HITPOINT WARNING * * *
The Executioner hits you but does no damage. x2
The Executioner hits you!
* * * LOW HITPOINT WARNING * * *
The Executioner hits you but does no damage. x2
The deep elf sorcerer gives up.
The deep elf annihilator mumbles some strange words.
The deep elf annihilator blinks!
You fade into invisibility!
The Executioner hits you.
* * * LOW HITPOINT WARNING * * *
The Executioner hits you but does no damage.
The Executioner hits you.
* * * LOW HITPOINT WARNING * * *
The Executioner barely misses you. You block the Executioner's attack.
The Executioner hits you but does no damage.
You feel much better. The Executioner hits you!
* * * LOW HITPOINT WARNING * * *
The Executioner hits you but does no damage. x2
The Executioner misses you. You block the Executioner's attack.
The Executioner hits you but does no damage.
The deep elf annihilator points at you and mumbles some strange words.
The bolt of lightning hits the Executioner!
The Executioner resists.
The bolt of lightning hits you!!
You die...

## ####.......##
##8###8#..#...##
##........###.##
#8..).........#
##............#
#...##8.<...##
##...###....##
#⌠...⌠##...##
####...###@'##
###8##...# #1^########
#........###.........#
#........8#'e...####....
#........###.##.# #
#.#8###8## #§##'####+##
#.### ### #.#........#
#...###.# #.#.......##
..... ###.....#
#§#.......# #.....


You could see a deep elf annihilator and an Executioner (summoned, fast).

Vanquished Creatures
  Saint Roka (Snake:4)
  Nikola (Snake:3)
  Rupert (D:12)
  A tentacled monstrosity (Snake:2)
  4 krakens
  A deep elf master archer (Elf:3)
  Kirke (D:14)
  A thorn hunter (Snake:2)
  Frances (D:12)
  4 nagarajas
  Aizul (Snake:2)
  Roxanne (D:15)
  A deep elf sorcerer (Elf:3)
  2 deep elf demonologists
  Nessos (D:14)
  A dire elephant (D:14)
  6 merfolk impalers
  Snorg (D:10)
  4 merfolk javelineers
  Josephine (Lair:3)
  A deep elf high priest (Elf:1)
  2 fire dragons (D:15)
  10 hydras
  Erolcha (Orc:1)
  2 salamander tyrants (Snake:4)
  5 merfolk avatars (Shoals:4)
  7 centaur warriors
  A rakshasa (D:15)
  3 catoblepae
  5 alligators (Snake:2)
  3 boulder beetles
  3 merfolk aquamancers (Shoals:4)
  11 anacondas
  4 two-headed ogres
  A satyr (Shoals:4)
  12 dancing weapons
  A tengu warrior (D:15)
  A death knight (D:15)
  Urug (Lair:4)
  5 death yaks
  9 naga sharpshooters
  19 naga warriors
  9 shock serpents
  A vampire mage (D:14)
  9 deep elf knights
  5 orc high priests (Orc:2)
  4 salamander mystics
  A fire crab (shapeshifter) (D:14)
  6 skysharks
  10 skeletal warriors
  9 naga ritualists
  14 sea snakes
  8 deep elf archers
  22 deep elf pyromancers
  9 orc knights
  22 harpies
  4 nameless horrors
  3 swamp dragons (Snake:2)
  2 necromancers (D:14)
  8 mana vipers
  8 cyclopes
  8 deep elf zephyrmancers
  A wolf spider (D:15)
  8 fauns
  4 ugly things
  4 oklob plants (Lair:1)
  21 manticores
  2 kobold blastminers (Orc:2)
  A torpor snail (Lair:3)
  48 black mambas
  A water nymph (shapeshifter) (D:12)
  20 naga magi
  12 salamanders
  12 merfolk sirens
  15 elephants
  A gargoyle (D:12)
  9 cane toads
  4 water nymphs
  5 guardian serpents
  An unseen horror (D:11)
  2 rime drakes
  4 kobold demonologists
  4 freezing wraiths
  A yaktaur (Shoals:2)
  8 komodo dragons
  3 tengu conjurers
  33 merfolk
  7 trolls
  A meliai (D:15)
  A tyrant leech (Snake:2)
  6 hornets
  6 polar bears (Lair:5)
  Prince Ribbit (D:7)
  A polar bear (shapeshifter) (D:14)
  A wolf spider simulacrum (D:14)
  6 wind drakes
  3 dream sheep (Lair:5)
  4 blink frogs (Lair:1)
  10 snapping turtles
  Grinder (D:3)
  3 vampires
  3 water elementals
  15 slime creatures
  An air elemental (Elf:1)
  2 fire elementals
  5 hogs (D:14)
  3 wyverns
  7 wraiths
  54 yaks
  13 spriggans (Lair:5)
  3 basilisks
  3 vampire mosquitoes (D:15)
  40 nagas
  5 swamp worms (Snake:2)
  3 acid dragons
  A swamp drake (Snake:2)
  14 water moccasins
  2 ice beasts (D:8)
  A sky beast (D:7)
  9 black bears
  41 orc warriors
  8 ogres
  4 boggarts (Lair:5)
  33 wolves
  10 centaurs
  A phantom (D:6)
  15 kobold brigands
  Blork the orc (D:5)
  15 bullfrogs
  3 gnoll sergeants
  A scorpion (D:6)
  An electric eel (D:15)
  9 howler monkeys
  A centaur zombie (D:4)
  3 jellies
  32 orc priests
  4 hounds
  A sleepcap (D:5)
  A scorpion zombie (D:4)
  4 iguanas
  14 orc wizards
  11 hell rats
  3 gnolls
  10 adders
  A shadow imp (D:6)
  A white imp (D:5)
  2 ufetubi (D:5)
  An adder zombie (D:4)
  3 worms
  A dart slug (D:1)
  99 orcs
  5 bats
  6 endoplasms
  3 giant cockroaches
  7 goblins
  6 hobgoblins
  37 kobolds
  4 quokkas
  2 ball pythons (D:1)
  5 frilled lizards
  A jackal zombie (D:4)
  5 rats
  4 tentacles
1182 creatures vanquished.

Vanquished Creatures (collateral kills)
  A deep elf elementalist (Elf:3)
  2 deep elf death magi
  16 dancing weapons (Elf:2)
  2 deep elf knights (Elf:2)
  A deep elf archer (Elf:2)
  5 deep elf zephyrmancers
  8 deep elf pyromancers
  A fire elemental (Elf:2)
  A wolf (shapeshifter) (Elf:1)
  A nameless horror (Elf:2)
  An earth elemental (Elf:1)
39 creatures vanquished.

Vanquished Creatures (others)
  A deep elf knight (Elf:1)
  A naga (Snake:4)
  63 fulminant prisms
  29 tentacles
94 creatures vanquished.

Grand Total: 1315 creatures vanquished

Notes
Turn   | Place    | Note
-------+----------+-------------------------------------------
     0 | D:1      | night the Demigod Conjurer began the quest for the Orb.
     0 | D:1      | Reached XP level 1. HP: 14/14 MP: 5/5
   127 | D:1      | Reached skill level 2 in Spellcasting
   149 | D:1      | Reached XP level 2. HP: 16/20 MP: 0/7
   414 | D:1      | Learned a level 2 spell: Searing Ray
  1029 | D:2      | Reached XP level 3. HP: 26/26 MP: 4/9
  1864 | D:2      | Reached XP level 4. HP: 33/33 MP: 9/11
  2008 | D:3      | Found Qidatos's Antique Armour Shop.
  2038 | D:3      | You fall into a shaft and drop 1 floor!
  2070 | D:4      | Learned a level 4 spell: Iskenderun's Mystic Blast
  2101 | D:4      | Noticed an ogre
  2109 | D:4      | Killed an ogre
  2110 | D:4      | Reached XP level 5. HP: 38/38 MP: 5/13
  2278 | D:4      | Reached skill level 5 in Conjurations
  3090 | D:3      | Noticed Grinder
  3098 | D:3      | Killed Grinder
  3099 | D:3      | Reached XP level 6. HP: 43/45 MP: 11/16
  3785 | D:3      | Bought an ichor-stained ring mail for 207 gold pieces
  3785 | D:3      | Identified the +0 ring mail of Rationality {rC+ rN+ Stlth-}
                  | (You bought it in a shop on level 3 of the Dungeon)
  3877 | D:4      | Learned a level 4 spell: Fulminant Prism
  4255 | D:5      | Entered Level 5 of the Dungeon
  4326 | D:5      | Reached skill level 1 in Hexes
  4326 | D:5      | Reached skill level 1 in Translocations
  4334 | D:5      | Reached XP level 7. HP: 46/50 MP: 11/17
  4400 | D:5      | Reached skill level 2 in Hexes
  4400 | D:5      | Reached skill level 2 in Translocations
  4450 | D:5      | Reached skill level 1 in Fighting
  4656 | D:5      | Noticed Blork the orc
  4665 | D:5      | Killed Blork the orc
  4750 | D:5      | Reached skill level 5 in Spellcasting
  4766 | D:5      | Reached skill level 2 in Fighting
  5297 | D:6      | Reached XP level 8. HP: 62/62 MP: 13/19
  6227 | D:7      | Noticed Prince Ribbit
  6239 | D:7      | Killed Prince Ribbit
  6481 | D:7      | Found Ygegezy's Distillery.
  6677 | D:7      | Found a staircase to the Ecumenical Temple.
  6711 | D:7      | Reached XP level 9. HP: 72/72 MP: 18/22
  6912 | D:7      | Reached skill level 5 in Fighting
  7655 | D:8      | Found a flagged portal.
  7662 | Bailey   | Entered a bailey
  8348 | D:8      | Learned a level 3 spell: Stone Arrow
  8578 | D:8      | Reached XP level 10. HP: 84/84 MP: 21/25
  9130 | D:9      | Noticed a deep elf pyromancer
  9136 | D:9      | Killed a deep elf pyromancer
  9842 | D:3      | Bought a glowing helmet for 172 gold pieces
 10034 | D:10     | Entered Level 10 of the Dungeon
 10479 | D:10     | Noticed Snorg
 10485 | D:10     | Killed Snorg
 10486 | D:10     | Reached skill level 10 in Conjurations
 10977 | D:10     | Found a staircase to the Lair.
 11103 | D:10     | Learned a level 5 spell: Fireball
 11163 | Lair:1   | Entered Level 1 of the Lair of Beasts
 11209 | Lair:1   | Reached XP level 11. HP: 92/95 MP: 20/28
 11270 | Lair:1   | Reached skill level 1 in Fire Magic
 11277 | Lair:1   | Reached skill level 2 in Fire Magic
 11572 | Lair:1   | Noticed a boulder beetle
 11588 | Lair:1   | Killed a boulder beetle
 11701 | Lair:1   | Noticed a catoblepas
 11712 | Lair:1   | Killed a catoblepas
 12284 | Lair:1   | Got the Tome of Bombardment and the Charnel House
 12625 | Lair:2   | Reached skill level 10 in Spellcasting
 12784 | Lair:2   | Reached XP level 12. HP: 106/106 MP: 18/30
 12884 | Lair:2   | Identified the +0 falchion "Boafe" {spect, rPois SInv}
 13171 | Lair:3   | Reached skill level 10 in Fighting
 13395 | Lair:3   | Noticed a four-headed hydra
 13531 | Lair:3   | Reached skill level 12 in Conjurations
 13539 | Lair:3   | Killed a four-headed hydra
 13711 | Lair:3   | Noticed a six-headed hydra
 13715 | Lair:3   | Killed a six-headed hydra
 13787 | Lair:3   | Found a staircase to the Snake Pit.
 13888 | Lair:3   | Found a staircase to the Shoals.
 14696 | Lair:4   | Noticed Josephine
 14705 | Lair:3   | Killed Josephine
 14761 | Lair:4   | Reached XP level 13. HP: 116/116 MP: 23/33
 14974 | Lair:4   | Found a staircase to the Slime Pits.
 14980 | Lair:4   | Noticed Urug
 14990 | Lair:4   | Killed Urug
 14991 | Lair:4   | Reached skill level 5 in Fire Magic
 15795 | Lair:5   | Entered Level 5 of the Lair of Beasts
 16241 | Lair:5   | Reached skill level 1 in Long Blades
 16512 | Lair:5   | Reached skill level 2 in Long Blades
 16624 | Lair:5   | Reached skill level 12 in Fighting
 17031 | Lair:5   | Reached skill level 12 in Spellcasting
 17692 | D:11     | Identified a scroll of acquirement
 17692 | D:11     | Acquired the +11 demon blade "Plog" {flame, rN+}
 18381 | D:12     | Reached XP level 14. HP: 116/127 MP: 11/35
 18450 | D:12     | Noticed Frances
 18516 | D:12     | Killed Frances
 18556 | D:12     | Noticed Rupert
 18580 | D:12     | Killed Rupert
 18936 | D:12     | Found a staircase to the Orcish Mines.
 19118 | D:13     | Identified the +6 rapier of the Middle {antimagic, ^Fragile
                  | rCorr Dex+4}
 19479 | D:13     | Found Meto's Magic Scroll Boutique.
 19503 | D:13     | Bought a scroll of identify for 30 gold pieces
 19608 | D:14     | Noticed Nessos
 19614 | D:14     | Killed Nessos
 19615 | D:14     | Reached skill level 5 in Long Blades
 19709 | D:14     | Upgraded the game from 0.31-a0-1178-gc5c9b8f871 to
                  | 0.31-a0-1202-ga8fea8b373
 19801 | D:14     | Noticed Kirke
 19804 | D:14     | Reached skill level 14 in Conjurations
 19820 | D:14     | Killed Kirke
 20026 | D:14     | Found a gate to the Vaults.
 20402 | D:15     | Entered Level 15 of the Dungeon
 20964 | D:15     | Reached XP level 15. HP: 136/136 MP: 8/37
 21016 | D:14     | Learned a level 9 spell: Dragon's Call
 21171 | D:15     | Reached skill level 1 in Summonings
 21238 | D:15     | Reached skill level 1 in Shields
 21238 | D:15     | Reached skill level 2 in Summonings
 21380 | D:15     | Noticed Roxanne
 21447 | D:15     | Killed Roxanne
 21588 | D:15     | Reached skill level 2 in Shields
 21868 | D:15     | Found a staircase to the Depths.
 22162 | Orc:1    | Entered Level 1 of the Orcish Mines
 22171 | Orc:1    | Noticed Erolcha
 22177 | Orc:1    | Killed Erolcha
 22376 | Orc:2    | Entered Level 2 of the Orcish Mines
 22376 | Orc:2    | Found a staircase to the Elven Halls.
 22475 | Orc:2    | Found Fibul's Antique Weapon Shoppe.
 23239 | Orc:2    | Reached skill level 5 in Summonings
 23267 | Orc:2    | Found Jutaf's Magic Scroll Shoppe.
 23268 | Orc:2    | Found Gyqykhlef's Armour Emporium.
 23268 | Orc:2    | Found Noipnike's General Store.
 23269 | Orc:2    | Found Ashrat Pajum's Antique Weapon Shoppe.
 23279 | Orc:2    | Bought 2 scrolls of identify for 60 gold pieces
 23279 | Orc:2    | Bought a scroll of blinking for 112 gold pieces
 23638 | Orc:1    | You fall into a shaft and drop 1 floor!
 23884 | Orc:2    | Bought a +2 pair of boots of flying for 322 gold pieces
 23899 | Orc:2    | Bought the +3 helmet "Bagey" {Will+ Slay+2} for 445 gold
                  | pieces
 24002 | Orc:2    | Bought a glowing hand cannon for 175 gold pieces
 24099 | Orc:2    | Bought a bloodstained sling for 182 gold pieces
 24099 | Orc:2    | Identified the +7 sling of Bloody Death {elec, Str+3 SInv}
                  | (You bought it in a shop on level 2 of the Orcish Mines)
 24359 | Shoals:1 | Entered Level 1 of the Shoals
 24657 | Shoals:1 | Reached skill level 14 in Fighting
 25027 | Shoals:1 | Noticed a kraken
 25039 | Shoals:1 | Killed a kraken
 25156 | Shoals:1 | Noticed a kraken
 25169 | Shoals:1 | Killed a kraken
 25743 | Shoals:2 | Found Sevett's Weapon Emporium.
 26548 | Shoals:3 | Reached XP level 16. HP: 140/146 MP: 24/38
 26836 | Shoals:3 | Reached skill level 5 in Shields
 27499 | Shoals:4 | Entered Level 4 of the Shoals
 28053 | Shoals:4 | Noticed a kraken
 28073 | Shoals:4 | Killed a kraken
 28242 | Shoals:4 | Noticed a kraken
 28309 | Shoals:4 | Killed a kraken
 28360 | Shoals:4 | Got a barnacled rune of Zot
 29521 | Snake:1  | Entered Level 1 of the Snake Pit
 30282 | Snake:1  | Reached skill level 10 in Summonings
 30744 | Snake:2  | Reached skill level 10 in Long Blades
 30748 | Snake:2  | Reached XP level 17. HP: 128/156 MP: 18/40
 31001 | Snake:2  | You are sucked into a shaft and drop 1 floor!
 31150 | Snake:2  | Reached skill level 14 in Spellcasting
 31263 | Snake:2  | Found Loatussiol's Antique Weapon Emporium.
 31342 | Snake:2  | Identified the serpent talisman "Hiczaxuu" {rF- Will+
                  | Dex+4}
 31342 | Snake:2  | Noticed Aizul
 31364 | Snake:2  | Killed Aizul
 31554 | Snake:2  | Noticed a tentacled monstrosity
 31677 | Snake:2  | Killed a tentacled monstrosity
 33083 | Snake:3  | Found Pobydig's Antique Armour Emporium.
 33729 | Snake:4  | Entered Level 4 of the Snake Pit
 33856 | Snake:4  | Noticed Nikola
 33894 | Snake:3  | HP: 20/156 [naga sharpshooter/arrow (8)]
 34051 | Snake:3  | Killed Nikola
 34465 | Snake:4  | Identified the +1 orcbow of Viny Absolution {freeze, rF-
                  | rC+ rCorr Dex+4}
 34467 | Snake:4  | Noticed Saint Roka
 34683 | Snake:4  | Killed Saint Roka
 35984 | Snake:4  | Reached XP level 18. HP: 149/166 MP: 21/42
 36225 | Snake:4  | Reached skill level 16 in Fighting
 36233 | Snake:4  | HP: 23/166 [naga mage/splash of poison (8)]
 36235 | Snake:4  | HP: 8/166 [poisoned by a naga mage (bolt of poison)]
 36519 | Snake:4  | Got a serpentine rune of Zot
 36864 | Elf:1    | Entered Level 1 of the Elven Halls
 37298 | Elf:1    | Learned a level 5 spell: Summon Mana Viper
 37306 | Elf:1    | Learned a level 7 spell: Monstrous Menagerie
 37310 | Elf:1    | Identified the +7 plate armour "Ynorub" {-Tele Str+5 Int-2
                  | Dex+2}
 37379 | Elf:1    | HP: 24/166 [poisoned by a +2 halberd of venom]
 37384 | Elf:1    | HP: 22/166 [poisoned by a +2 halberd of venom]
 38164 | Elf:1    | Identified the maw talisman "Laheje" {Stlth+}
 38172 | Elf:1    | Identified the staff of Kueciarali {rC+ Str+4 Ice}
 38454 | Elf:2    | Found Pirghetsu's General Store.
 38582 | Elf:2    | Gained mutation: Your health recovers twice as slowly from
                  | being drained. [mutagenic glow]
 38598 | Elf:2    | Lost mutation: Your health recovers twice as slowly from
                  | being drained. [mutagenic glow]
 38605 | Elf:2    | Gained mutation: Your spells are a little easier to cast,
                  | but a little less powerful. [mutagenic glow]
 38875 | Elf:2    | Found a runed translucent gate.
 38875 | Elf:2    | Found a runed translucent gate.
 38875 | Elf:2    | Found a runed translucent gate.
 39080 | Elf:2    | Reached skill level 12 in Summonings
 39098 | Elf:2    | Reached skill level 16 in Conjurations
 39139 | Elf:2    | Reached skill level 12 in Long Blades
 39494 | Elf:2    | HP: 14/168 [+3 spectral double sword (14)]
 39970 | Elf:2    | Identified the blade talisman of Inquiry {Dex+3}
 40116 | Elf:3    | Entered Level 3 of the Elven Halls
 40695 | Elf:3    | HP: 23/168 [Executioner[a deep elf demonologist] (13)]
 40698 | Elf:3    | HP: 10/168 [Executioner[a deep elf demonologist] (6)]
 40699 | Elf:3    | Killed from afar by a deep elf annihilator

Illustrated notes

Levels and vault maps discovered:
D:1:      dpeg_arrival_court, layout_rooms
D:2:      layout_basic
D:3:      layout_loops_ring, nicolae_gozag_seed_capital, serial_shops,
          nicolae_shop_temple_entry_statues_fountains, minmay_crystal_water,
          wad_rectangle_vault, uniq_grinder
D:4:      layout_gridville, nicolae_yredelemnul_corpse_copse,
          grunt_temple_overflow_diamond
D:5:      layout_gridville, minmay_stone_trees_medium, uniq_blork_the_orc
D:6:      layout_loops_ring
D:7:      layout_loops_ring, minmay_temple_entry_statues_fountains,
          serial_shops, shop, uniq_prince_ribbit1
D:8:      layout_basic, old_standard_altar, enter_bailey_2, kennysheep_dice
D:9:      layout_rooms, minmay_misc_feat_enclosed
D:10:     layout_basic, grunt_lair_entry_orc_guard_hut, uniq_snorg
D:11:     layout_stronghold
D:12:     layout_cross, kennysheep_orc_monster_closet_entryway, uniq_frances,
          uniq_rupert
D:13:     layout_rooms, serial_shops, shop_coins
D:14:     layout_roguey, david_vaults_1, minmay_misc_feat_square,
          nzn_life_drinkers, uniq_nessos, uniq_kirke
D:15:     hangedman_depths_entry_try_elsewhere_first, layout_basic,
          serial_bayou_pond_b, minmay_fractal_squares_diagonal_5, uniq_roxanne
Lair:1:   minmay_lair_oklob_tunnel, layout_big_grid
Lair:2:   layout_gridlike
Lair:3:   layout_regular_city, minmay_shoals_entry_beasts,
          guppyfry_snake_entry_island, beast_lair_carwin_9, grunt_megastairs_1
Lair:4:   layout_regular_city, slime_entry_1, grunt_megastairs_3, uniq_urug,
          uniq_josephine
Lair:5:   minmay_lair_end_enchanted_forest, layout_long_grid
Shoals:1: layout_shoals
Shoals:2: layout_shoals, serial_shops, shop, ldierk_geyser, yaktaur_hedge
Shoals:3: layout_shoals
Shoals:4: shoals_end_hangedman, layout_shoals
Snake:1:  layout_rooms, basic_altar, nicolae_integral_box
Snake:2:  onia_ninara_swampy_vault, layout_onion, serial_shops, shop,
          hangedman_corner_corridor, uniq_aizul
Snake:3:  layout_onion, serial_shops, nicolae_shop_overgrown_old_shop,
          serial_bayou_ford_a
Snake:4:  snake_pit, layout_cave_town, nrook_guardian_serpent_double,
          uniq_nikola, uniq_saint_roka
Orc:1:    layout_caves, uniq_erolcha
Orc:2:    st_orc_pillars, layout_caves, serial_shops, shop,
          nicolae_orc_lost_temple
Elf:1:    eino_elf_arrival_the_gate, layout_gridlike,
          kennysheep_underground_church, eino_tiny_chamber
Elf:2:    nicolae_elf_blades_splatter_lattice
          [nicolae_blade_entry_sentries_behind_glass], layout_geoelf_grid,
          serial_shops, shop, grunt_megastairs_2
Elf:3:    grunt_elf_hall_spiral, layout_gridlike, serial_corexii_hall,
          corexii_hall_statues_s, corexii_hall_statues_x,
          david_defended_altar_elf

Skill      XL: |  1  2  3  4  5  6  7  8  9 10 11 12 13 14 15 16 17 18 |
---------------+-------------------------------------------------------+-----
Spellcasting   | 2 3 4 5 6 7 9 10 11 12 13 14 15 | 15.3
Conjurations   | 4 5 6 7 9 10 11 12 13 14 15 16 | 16.2
Hexes          | 1 2 |  2.0
Translocations | 1 2 |  2.0
Fighting       | 2 4 6 8 9 11 12 13 14 15 16 | 16.6
Fire Magic     | 4 6 |  6.0
Long Blades    | 3 6 8 10 11 12 | 12.2
Summonings     | 7 10 11 12 | 12.3
Shields        | 4 5 |  5.0
Dodging        | |  1.7
Stealth        | |  1.7

Action                     |  1- 3 |  4- 6 |  7- 9 | 10-12 | 13-15 | 16-18 || total
---------------------------+-------+-------+-------+-------+-------+-------++-------
  Melee: Unarmed           |     6 |       |       |       |       |       ||     6
         Short sword       |     2 |     9 |       |       |       |       ||    11
         Scimitar          |       |       |    32 |    38 |    16 |       ||    86
         Double sword      |       |       |       |       |    32 |     5 ||    37
         Demon blade       |       |       |       |       |   169 |   190 ||   359
         Punch             |       |       |       |       |     2 |       ||     2
         Falchion          |       |       |       |       |       |   169 ||   169
   Fire: Sling             |       |       |       |       |     4 |       ||     4
   Cast: Magic Dart        |    66 |    78 |   135 |    39 |     5 |     2 ||   325
         Searing Ray       |     4 |    13 |    36 |    20 |     7 |     3 ||    83
         Fulminant Prism   |       |     2 |    18 |    22 |     6 |    15 ||    63
         Iskenderun's Myst |       |       |    13 |    79 |   107 |   153 ||   352
         Stone Arrow       |       |       |     5 |    32 |   101 |   139 ||   277
         Fireball          |       |       |       |   112 |   400 |   450 ||   962
         Monstrous Menager |       |       |       |       |       |    48 ||    48
         Summon Mana Viper |       |       |       |       |       |    19 ||    19
  Evoke: Wand              |       |       |     2 |       |     4 |     4 ||    10
         Lightning rod     |       |       |       |       |     8 |     4 ||    12
    Use: Scroll            |       |       |    11 |     6 |     7 |    13 ||    37
         Potion            |       |       |       |     1 |     7 |     8 ||    16
   Stab: Sleeping          |     1 |       |       |       |       |     1 ||     2
         Distracted        |       |       |       |       |       |     4 ||     4
 Armour: Robe              |    15 |    26 |   107 |    44 |       |       ||   192
         Troll leather arm |       |       |       |    85 |   627 |   863 ||  1575
  Dodge: Dodged            |    11 |    30 |   106 |    89 |   287 |   280 ||   803
  Block: Buckler           |       |       |       |       |    45 |   151 ||   196

Table legend: (Time is in decaauts)
 A = Elapsed time spent in this place.
 B = Non-inter-level travel time spent in this place.
 C = Inter-level travel time spent in this place.
 D = Time resting spent in this place.
 E = Time spent auto-exploring this place.
 F = Levels seen in this place.
 G = Mean time per level.
                   A        B        C        D        E       F      G
               +--------+--------+--------+--------+--------+-----+--------+
         Total |  40823 |  37898 |   2925 |   8931 |  20833 |  34 | 1200.7 |
       Dungeon |  15696 |  14425 |   1271 |   2360 |   9726 |  15 | 1046.4 |
          Lair |   6686 |   6217 |    469 |   1308 |   3607 |   5 | 1337.2 |
        Shoals |   4764 |   4626 |    138 |   1173 |   2635 |   4 | 1191.0 |
     Snake Pit |   7171 |   6806 |    365 |   2428 |   2550 |   4 | 1792.8 |
  Orcish Mines |   2101 |   1627 |    474 |    358 |    821 |   2 | 1050.5 |
   Elven Halls |   3780 |   3574 |    206 |    914 |   1408 |   3 | 1260.0 |
        Bailey |    623 |    623 |      0 |    389 |     85 |   1 |  623.0 |
               +--------+--------+--------+--------+--------+-----+--------+

Top non-repeatable levels by time:
 Snake:3: 2219 daAuts
 Snake:4: 2042 daAuts
   Elf:2: 1865 daAuts
  Lair:3: 1700 daAuts
Shoals:4: 1649 daAuts
 Snake:2: 1634 daAuts
   Orc:2: 1633 daAuts
  Lair:5: 1440 daAuts
   Elf:1: 1339 daAuts
     D:4: 1303 daAuts
    D:15: 1283 daAuts
 Snake:1: 1275 daAuts
  Lair:2: 1235 daAuts
    D:10: 1228 daAuts
  Lair:1: 1206 daAuts
